cohdb
Replays
Latest Replays
All Replays
Popular Replays
Top Player Replays
Match Explorer
How It Works
Community
CoH3 Stats
Reddit
Sign in to upload your games and track your stats! →
Sign in with Steam
Match 32291771
Unlisted
Match 32291771
Overview
Messages
Build Orders
End
Pioneer Squad
Selects Italian Coastal Battlegroup
Selects Coastal Reserves
Coastal Reserve
Coastal Reserve
Coastal Reserve
Construct Infanterie Kompanie
MG 42 Machine Gun Team
Construct Luftwaffe Kompanie
Selects Artillery Officer
Jäger Squad
Medical Station
Artillery Officer
Jäger Squad
Selects Designate Defensive Line
Flak 30 Anti-aircraft Gun Team
Coastal Reserve
Support Elements
Wirbelwind Flakpanzer
Selects Designated Artillery Overwatch
Marder III M Tank Destroyer
Marder III M Tank Destroyer
Pioneer Squad
Wirbelwind Flakpanzer
Selects Obice da 210/22 Artillery Emplacement
el campo
Доктор Гувер[POINTRUNNER]
MaXiS
oki
Dirt on me
Papa Smurf
0
0
Comments
sign in to comment!
No comments posted yet!